 Dungeon Crawl Stone Soup version 0.30.2 (webtiles) character file.

Game seed: 843574239104414412

13975 LLlMATKO the Fighter (level 11, -8/104 HPs)
             Began as a Minotaur Berserker on Dec 30, 2023.
             Was a High Priest of Trog.
             Succumbed to an orange demon's poison
             ... on level 1 of the Lair of Beasts on Feb 26, 2024.
             The game lasted 00:09:47 (10708 turns).

LLlMATKO the Fighter (Minotaur Berserker)          Turns: 10708, Time: 00:09:47

Health: -8/104     AC: 18    Str: 25    XL:     11   Next: 82%
Magic:  10/10      EV: 13    Int:  4    God:    Trog [*****.]
Gold:   360        SH:  5    Dex: 17    Spells: 10/10 levels left

rFire   . . .        L - +3 battleaxe
rCold   . . .        (shield currently unavailable)
rNeg    . . .        y - +0 plate armour
rPois   .            (helmet restricted)
rElec   .            F - +2 cloak
rCorr   .            (no gloves)
SInv    .            (no boots)
Will    .....        O - amulet of reflection Stlth
                     f - +6 ring of dexterity
HPRegen 0.37/turn    (no ring)
MPRegen 0.12/turn

%: reflection
@: lethally poisoned (-8 -> -34), marked, on berserk cooldown, slowed, very slow
A: horns 2, retaliatory headbutt
a: Renounce Religion, Berserk, Trog's Hand, Brothers in Arms


You were on level 1 of the Lair of Beasts.
You worshipped Trog.
Trog was extremely pleased with you.
You visited 2 branches of the dungeon, and saw 12 of its levels.

You collected 782 gold pieces.
You spent 422 gold pieces at shops.

Inventory:

Hand Weapons
 a - a +0 hand axe
 s - a +0 war axe
 C - a +2 battleaxe
 G - the +2 war axe "Maqarhot" {spect, rF+}
   (You found it on level 6 of the Dungeon)

   rF:        It protects you from fire.
 L - a +3 battleaxe (weapon)
 N - a +4 hand axe
 P - the +4 mace "Gaforch" {freeze, rElec Str+4}
   (You found it on level 10 of the Dungeon)

   Str:       It affects your strength (+4).
   rElec:     It insulates you from electricity.
Missiles
 g - 4 curare-tipped darts
 k - 26 poisoned darts (quivered)
Armour
 y - a +0 plate armour (worn)
 F - a +2 cloak (worn)
Jewellery
 f - a +6 ring of dexterity (left hand)
 O - an amulet of reflection (around neck)
Wands
 r - a wand of flame (38)
 B - a wand of paralysis (18)
 I - a wand of roots (28)
Scrolls
 b - 11 scrolls of identify
 e - 5 scrolls of blinking {unknown}
 i - 4 scrolls of fear {unknown}
 m - 3 scrolls of immolation {unknown}
 o - 5 scrolls of teleportation {unknown}
 u - 2 scrolls of fog {unknown}
 w - 5 scrolls of vulnerability {unknown}
 x - 3 scrolls of enchant armour {unknown}
 D - 5 scrolls of enchant weapon {unknown}
 E - a scroll of silence {unknown}
 K - 3 scrolls of brand weapon {unknown}
 M - 2 scrolls of noise {unknown}
Potions
 c - 3 potions of attraction {unknown}
 d - a potion of magic {unknown}
 h - 7 potions of curing {unknown}
 j - 3 potions of brilliance {unknown}
 l - 4 potions of heal wounds {unknown}
 n - 2 potions of flight {unknown}
 p - a potion of might {unknown}
 q - 3 potions of haste {unknown}
 t - 2 potions of cancellation {unknown}
 v - 2 potions of resistance {unknown}
 z - 4 potions of degeneration {unknown}
 A - a potion of mutation {unknown}
 H - 3 potions of lignification {unknown}
 J - 2 potions of invisibility {unknown}
 Q - a potion of berserk rage {unknown}


   Skills:
 + Level 12.1 Fighting
 + Level 12.1 Axes
 + Level 11.8 Armour
 + Level 10.8 Dodging


You had 10 spell levels left.
You didn't know any spells.
Your spell library was empty.

Dungeon Overview and Level Annotations

Branches:
Dungeon (11/15)            Temple (0/1) D:4            Lair (1/5) D:10
    Orc: D:9-12

Altars:
Cheibriados
Fedhas
Hepliaklqana
Kikubaaqudgha
Makhleb
Okawaru
Xom
The Shining One

Shops:
D:9 *=   D:11 ?=:


Innate Abilities, Weirdness & Mutations

You have a pair of horns on your head.
You reflexively headbutt those who attack you in melee.


Message History

Harold is almost dead.
You are no longer berserk.
You are exhausted.
You feel as though you will be slow longer.
You feel sick. You block Harold's attack.
The orange demon stings you from afar.
* * * LOW HITPOINT WARNING * * *
You hit Harold.
You kill Harold!
Trog accepts your kill.
Trog appreciates your killing of a magic user.
Harold looks down at his mortal wounds and cries, "But... this was my last day before retirement..."
You feel sick.
You are no longer poisoned.
The orange demon stings you but does no damage. x2
You block the orange demon's attack.
The orange demon hits you but does no damage.
You see here a water moccasin corpse.
You slash the orange demon!
The orange demon is lightly wounded.
The orange demon stings you but does no damage.
You block the orange demon's attack. The orange demon stings you.
* * * LOW HITPOINT WARNING * * *
The orange demon barely misses you.
You slash the orange demon!
The orange demon is moderately wounded.
You block the orange demon's attack.
The orange demon hits you but does no damage.
You hit the orange demon.
The orange demon is moderately wounded.
The orange demon barely misses you. You furiously retaliate!
You headbutt the orange demon.
The orange demon hits you but does no damage.
The orange demon stings you.
* * * LOW HITPOINT WARNING * * *
You are lethally poisoned!
The orange demon poisons you! The orange demon barely misses you.
You closely miss the orange demon.
The orange demon is heavily wounded.
You die...

# #..# #.......... .
#..## #..........
#.##..P# #...#######
#.#....####...##..###
#.>..................
###...####....##..### .
###..## ##...##.P#P#
....#..)..####.[..#P....
......))@[............##.
.........4............##.
........#.########...>##.
....##.##.# #....##. ....
## #.. #....##. ..P ..#
#.....#. .. ..# P.....#.
... .P....... .....


You could see an orange demon.

Vanquished Creatures
  Harold (Lair:1)
  A two-headed ogre (D:10)
  Nergalle (Lair:1)
  Amaemon (Lair:1)
  Pikel (D:7)
  Joseph (D:7)
  A black mamba (Lair:1)
  Maggie (D:8)
  2 cane toads (Lair:1)
  A komodo dragon (Lair:1)
  A polar bear (Lair:1)
  A troll (D:11)
  A wolf spider simulacrum (D:11)
  A hornet (D:8)
  5 blink frogs (Lair:1)
  2 shadows (D:10)
  20 yaks
  A wyvern (D:10)
  A steam dragon (D:10)
  Edmund (D:4)
  Menkaure (D:7)
  5 water moccasins
  An ice beast (D:7)
  An orc warrior (D:9)
  An ogre (D:6)
  4 centaurs
  3 kobold brigands
  4 bullfrogs
  2 scorpions (D:5)
  18 wights
  A killer bee (D:8)
  3 howler monkeys
  An electric eel (D:11)
  6 orc priests
  3 gnoll boudas
  4 hounds
  2 jellies (D:4)
  Ijyb (D:3)
  6 iguanas
  10 orc wizards
  11 gnolls
  9 adders
  A white imp (D:8)
  An ufetubus (D:5)
  2 worms (D:4)
  4 dart slugs
  43 orcs
  8 bats
  7 endoplasms
  6 giant cockroaches
  5 goblins
  5 hobgoblins
  2 jackals (D:1)
  A quokka (D:1)
  5 ball pythons
  6 frilled lizards
  22 kobolds
  4 rats
264 creatures vanquished.

Notes
Turn   | Place    | Note
-------+----------+-------------------------------------------
     0 | D:1      | LLlMATKO the Minotaur Berserker began the quest for the
                  | Orb.
     0 | D:1      | Reached XP level 1. HP: 19/19 MP: 0/0
   122 | D:1      | Reached XP level 2. HP: 17/27 MP: 1/1
   437 | D:1      | Found a faded altar of an unknown god.
   754 | D:2      | Reached XP level 3. HP: 28/33 MP: 2/2
   935 | D:2      | Reached ** piety under Trog
   956 | D:2      | Reached XP level 4. HP: 39/40 MP: 3/3
  1380 | D:2      | Reached XP level 5. HP: 34/47 MP: 4/4
  2035 | D:3      | Identified the +1 helmet of Fowk {rC+}
  2066 | D:3      | Reached skill level 5 in Axes
  2147 | D:3      | Noticed Ijyb
  2159 | D:3      | Killed Ijyb
  2160 | D:3      | Reached skill level 5 in Fighting
  2376 | D:3      | Reached *** piety under Trog
  2382 | D:3      | Reached XP level 6. HP: 44/56 MP: 5/5
  2653 | D:3      | Upgraded the game from 0.30-b1-2-g02819fbbbe to 0.30.2
  2699 | D:4      | Found a glowing golden altar of the Shining One.
  3029 | D:4      | Noticed Edmund
  3038 | D:4      | Killed Edmund
  3039 | D:4      | Reached skill level 5 in Armour
  3039 | D:4      | Reached XP level 7. HP: 62/62 MP: 6/6
  3246 | D:4      | Found a staircase to the Ecumenical Temple.
  3382 | D:5      | Entered Level 5 of the Dungeon
  3555 | D:5      | Reached skill level 5 in Dodging
  4151 | D:6      | Reached XP level 8. HP: 48/71 MP: 7/7
  4375 | D:6      | Found a blossoming altar of Fedhas.
  4464 | D:6      | Found a burning altar of Makhleb.
  4480 | D:6      | Noticed an Executioner
  4484 | D:6      | Noticed a smoke demon
  4717 | D:6      | Reached **** piety under Trog
  5041 | D:6      | Identified the +2 war axe "Maqarhot" {spect, rF+}
  5342 | D:7      | Found an ancient bone altar of Kikubaaqudgha.
  5613 | D:7      | Noticed Pikel
  5623 | D:7      | Killed Pikel
  5624 | D:7      | Reached XP level 9. HP: 68/81 MP: 8/8
  5924 | D:7      | Noticed Joseph
  5930 | D:7      | Noticed Menkaure
  5935 | D:7      | Killed Joseph
  5940 | D:7      | Killed Menkaure
  6860 | D:8      | Reached XP level 10. HP: 88/91 MP: 9/9
  7009 | D:8      | Noticed Maggie
  7016 | D:8      | Killed Maggie
  7016 | D:8      | Reached ***** piety under Trog
  7127 | D:8      | Found a shimmering altar of Xom.
  7127 | D:8      | Found an iron altar of Okawaru.
  7670 | D:9      | Found Gam Geasma's Jewellery Shop.
  7682 | D:9      | Bought an amulet of reflection for 390 gold pieces
  7714 | D:9      | Found Fosias's Assorted Antiques.
  7871 | D:9      | Found a hazy altar of Hepliaklqana.
  7930 | D:9      | Reached skill level 10 in Fighting
  7930 | D:9      | Reached skill level 10 in Axes
  8213 | D:9      | Found a snail-covered altar of Cheibriados.
  8647 | D:10     | Entered Level 10 of the Dungeon
  8743 | D:10     | Reached skill level 10 in Armour
  8813 | D:10     | Noticed a two-headed ogre
  8820 | D:10     | Killed a two-headed ogre
  8919 | D:10     | Reached XP level 11. HP: 99/101 MP: 10/10
  8992 | D:10     | Identified the +4 mace "Gaforch" {freeze, rElec Str+4}
  9127 | D:10     | Found a staircase to the Lair.
  9517 | D:11     | Found Zaobid's Magic Scroll Shop.
  9519 | D:11     | Found Zogoihi's Jewellery Shoppe.
  9576 | D:11     | Found Waeshra's Book Shop.
  9603 | D:11     | Bought a scroll of identify for 32 gold pieces
 10102 | Lair:1   | Entered Level 1 of the Lair of Beasts
 10111 | Lair:1   | Reached skill level 10 in Dodging
 10680 | Lair:1   | Noticed Nergalle
 10682 | Lair:1   | Noticed Amaemon
 10688 | Lair:1   | Killed Nergalle
 10695 | Lair:1   | Killed Amaemon
 10696 | Lair:1   | Noticed Harold
 10703 | Lair:1   | Killed Harold
 10707 | Lair:1   | HP: 1/104 [orange demon[Amaemon] (6)]
 10708 | Lair:1   | Succumbed to an orange demon's poison

Illustrated notes

Levels and vault maps discovered:
D:1:      nzn_arrival_crosshair, layout_loops_ring,
          shapermc_ecumenical_altar_hornbeckon, chequers_jeans, hex_medium
D:2:      layout_basic, minmay_divided_ellipse
D:3:      layout_loops_cross, uniq_ijyb
D:4:      layout_rooms, tso_metal_star, temple_doors_ab, dreamdust_gnoll_farm,
          uniq_edmund
D:5:      layout_basic
D:6:      layout_basic, makhleb_altar_promises_db, fedhas_altar_4
D:7:      layout_cave_pods, kiku_gazebo_garden_becter, uniq_joseph, uniq_pikel,
          uniq_menkaure
D:8:      wander_river, layout_basic, mainiacjoe_overflow_large_starburst,
          dk_noncrumbling_3, chequers_serial_rivers_small_a, grunt_ministairs_7,
          minmay_circle_x, uniq_maggie
D:9:      layout_layer_cave, chei_slow_surprise,
          nicolae_hepliaklqana_hippocampus, serial_shops,
          nicolae_shop_rolling_square, minmay_shop_enchanted_jewellery,
          grunt_decor_cap
D:10:     layout_rooms, lair_entry_dummy
D:11:     layout_cave_pools, minivault_19, nicolae_wooded_promenade
Lair:1:   layout_gridlike, basic_altar, chequers_serial_rivers_room_a,
          uniq_harold, uniq_nergalle, uniq_amaemon, uniq_erica

Skill      XL: |  1  2  3  4  5  6  7  8  9 10 11 |
---------------+----------------------------------+-----
Axes           | 4 5 6 8 9 10 12 | 12.1
Fighting       | 4 5 6 8 9 10 12 | 12.1
Armour         | 3 4 5 6 7 8 10 11 | 11.8
Dodging        | 3 4 5 6 8 9 10 | 10.8

Action                     |  1- 3 |  4- 6 |  7- 9 | 10-12 || total
---------------------------+-------+-------+-------+-------++-------
  Melee: Hand axe          |    70 |   100 |       |       ||   170
         Headbutt          |     9 |    20 |    33 |    43 ||   105
         Punch             |       |     1 |       |       ||     1
         War axe           |       |    34 |    52 |       ||    86
         Battleaxe         |       |       |   102 |   210 ||   312
  Throw: Dart              |       |       |       |     8 ||     8
 Invoke: Berserk           |       |     4 |     3 |     3 ||    10
 Armour: Animal skin       |     7 |       |       |       ||     7
         Chain mail        |    22 |    71 |       |       ||    93
         Plate armour      |       |       |   109 |   112 ||   221
  Dodge: Dodged            |    31 |    66 |    87 |   132 ||   316
  Block: Other             |       |       |       |    50 ||    50
         Reflection        |       |       |       |     3 ||     3
